 Dungeon Crawl Stone Soup version 0.32-a0-131-g9dbbe29261 (webtiles) character file.

Game seed: 10715358032970357006

459 zeratav the Sneak (level 7, -11/50 HPs)
             Began as an Octopode Shapeshifter on Feb 8, 2024.
             Was an Initiate of Gozag.
             Mangled by an ogre
             ... wielding a +0 giant club
              (15 damage)
             ... on level 5 of the Dungeon.
             The game lasted 00:04:11 (3845 turns).

zeratav the Sneak (Octopode Shapeshifter)           Turns: 3845, Time: 00:04:12

Health: -11/50     AC:  1    Str: 15    XL:     7   Next: 6%
Magic:  7/7        EV: 13    Int: 12    God:    Gozag
Gold:   294        SH:  5    Dex: 12    Spells: 6/6 levels left

rFire   . .          .
                       - Unarmed
rCold   + . .        (no shield)
rNeg    . . .        (helmet currently unavailable)
rPois   .            h - amulet of reflection
rElec   .            d - ring of protection from cold
rCorr   .            t - ring of wizardry
SInv    .            (no ring)
Will    .....        (no ring)
Stlth   ++++         (no ring)
HPRegen 0.28/turn    (no ring)
MPRegen 0.10/turn    (no ring)
                     (no ring)

%: reflection, wizardry (x1)
@: brilliant, beast-form
A: beast (slay +2), almost no armour, amphibious, 8 rings, camouflage 1,
gelatinous body 1, (nimble swimmer 1), tentacles
a: Begin Untransformation, Renounce Religion, Potion Petition, Call Merchant,
Bribe Branch


You were on level 5 of the Dungeon.
You worshipped Gozag.
Gozag was aware of your devotion.
You were a hulking beast.
You visited 1 branch of the dungeon, and saw 5 of its levels.

You collected 333 gold pieces.
You paid 39 gold pieces to Gozag.


Innate Abilities, Weirdness & Mutations

You are a hulking beast.
Your limbs bulge with bestial killing power. (Slay +2)
You cannot wear most types of armour.
You are amphibious.
You can wear up to eight rings at the same time.
Your skin changes colour to match your surroundings (Stealth+).
Your rubbery body absorbs attacks. (AC +1, EV +1)
((You are camouflaged when in or above water. (Stealth+)))
You have tentacles for arms and can constrict up to eight enemies at once.


   Skills:
 - Level 5.0 Fighting
 - Level 2.0 Dodging
 - Level 5.0 Stealth
 - Level 3.0 Unarmed Combat
 + Level 4.3 Shapeshifting


You had 6 spell levels left.
You didn't know any spells.
Your spell library contained the following spells:

 Spells                   Type           Power      Damage    Failure   Level
 Ozocubu's Armour         Ice            0%         N/A       36%         3
 Summon Ice Beast         Ice/Summ       0%         N/A       36%         3
 Metabolic Englaciation   Hex/Ice        0%         N/A       97%         5
 Summon Mana Viper        Hex/Summ       0%         N/A       97%         5
 Sculpt Simulacrum        Ice/Alch       0%         N/A       100%        6
 Monstrous Menagerie      Summ           0%         N/A       100%        7

Inventory:

Jewellery
 d - a ring of protection from cold (left tentacle)
   (You found it on level 1 of the Dungeon)
 h - an amulet of reflection (around mantle)
   (You found it on level 2 of the Dungeon)
 t - a ring of wizardry (right tentacle)
   (You found it on level 4 of the Dungeon)
Talismans
 b - a beast talisman
 c - a flux talisman
Wands
 m - a wand of charming (5)
   (You found it on level 2 of the Dungeon)
Scrolls
 f - a scroll of silence {unknown}
 g - 2 scrolls of immolation {unknown}
 k - 2 scrolls of teleportation {unknown}
 o - a scroll of poison {unknown}
 p - 2 scrolls of fear {unknown}
 r - a scroll of torment {unknown}
Potions
 i - a potion of berserk rage {unknown}
 j - 2 potions of mutation {unknown}
 l - a potion of enlightenment {unknown}
 n - 2 potions of brilliance
 q - 2 potions of degeneration {unknown}
 s - a potion of might {unknown}

Dungeon Overview and Level Annotations

Branches:
Dungeon (5/15) Zot: 26164
 Temple: D:4-7

Altars:
Gozag
Uskayaw
Xom
The Shining One

Annotations:
D:4 Dowan

####.###################
.....oOh.......#........
####..So######.#.#######
.....o..+ #.#.#.#####
........# #.#.#......
...o....# #.#.#.#####
........# #.#........
........# #.###.#####
........# #.#......#
#.###.#.#.##.#


You could see a water moccasin, an ogre, an orc priest, an orc wizard and 2
orcs.


Message History

No target in view!
No target in view!
No target in view!
No target in view!
No target in view!
No target in view!
You now have 281 gold pieces (gained 6).
You now have 288 gold pieces (gained 7).
An adder comes into view.
An adder is nearby!
You see here 9 stones {throwing}.
The helpless adder fails to defend itself.
You tentacle-slap the adder. Your grab misses the adder.
You block the adder's attack. The adder bites you.
HP[-4]
You take 4 damage, and now have 46/50 hp.
You closely miss the adder. Your grab misses the adder. You squeeze the adder!
The adder bites you.
You are poisoned.
The adder poisons you!
HP[-1]
You take 1 damage, and now have 45/50 hp.
You tentacle-slap the adder.
You kill the adder!
You feel sick.
HP[-1]
You take 1 damage, and now have 44/50 hp.
No target in view!
No target in view!
No target in view!
No target in view!
No target in view!
No target in view!
No target in view!
No target in view!
No target in view!
You feel sick.
You feel sick.
You feel sick.
You feel sick.
You are no longer poisoned.
You now have 294 gold pieces (gained 6).
An ogre comes into view. It is wielding a +0 giant club.
HP[+6]
Your hp is fully restored (50).
The ogre shouts!
You hear an angry hiss.
An orc comes into view. It is wielding a +0 hand axe.
The orc shouts!
The ogre hits you with a +0 giant club!
HP[-14]
You take 14 damage, and now have 36/50 hp.
MASSIVE DAMAGE!! (PAUSE)
You barely miss the ogre. You squeeze the ogre.
An orc comes into view. It is wielding a +0 short sword.
The orc shouts!
You tentacle-slap the ogre.
A water moccasin comes into view.
The ogre closely misses you.
The water moccasin hisses angrily.
You tentacle-slap the ogre. You block the ogre's attack.
You tentacle-slap the ogre.
An orc wizard comes into view. It is wielding a +0 dagger.
HP[+1]
You tentacle-slap the ogre. The water moccasin bites you.
The ogre hits you with a +0 giant club!!
* * * LOW HITPOINT WARNING * * *
An orc priest comes into view. It is wielding a +1 dagger of venom.
HP[-25]
You take 25 damage, and now have 12/50 hp.
MASSIVE DAMAGE!! (PAUSE)
The orc priest shouts!
You tentacle-slap the ogre. You block the water moccasin's attack.
The water moccasin closely misses you. The ogre barely misses you.
The orc priest calls down the wrath of Beogh upon you.
Beogh smites you!
* * * LOW HITPOINT WARNING * * *
HP[-10]
You take 10 damage, and now have 2/50 hp.
It was a potion of brilliance.
You feel clever all of a sudden. The water moccasin bites you.
* * * LOW HITPOINT WARNING * * *
You are lethally poisoned!
The water moccasin poisons you!
HP[-1]
You take 1 damage, and now have 1/50 hp.
You feel better. The water moccasin closely misses you.
The ogre barely misses you. The water moccasin bites you.
* * * LOW HITPOINT WARNING * * *
You are lethally poisoned!
The water moccasin poisons you!
HP[+5]
You regained 5 hp, and now have 6/50 hp.
You feel better. The water moccasin bites you.
* * * LOW HITPOINT WARNING * * *
The orc hits you with a +0 short sword.
* * * LOW HITPOINT WARNING * * *
The ogre hits you with a +0 giant club!
You die...
Your body crumbles into a pile of gold.

Skill      XL: |  1  2  3  4  5  6 |
---------------+-------------------+-----
Stealth        | 2 4 5 |  5.0
Fighting       | 2 4 5 |  5.0
Shapeshifting  | 4 |  4.3
Dodging        | |  2.0
Unarmed Combat | |  3.0

Action                     |  1- 3 |  4- 6 |  7- 9 || total
---------------------------+-------+-------+-------++-------
  Melee: Unarmed           |    51 |   101 |    12 ||   164
         Constrict         |    12 |    32 |     1 ||    45
         Tentacles         |    10 |    35 |     2 ||    47
         Punch             |     3 |     9 |       ||    12
    Use: Potion            |       |     2 |     3 ||     5
   Stab: Sleeping          |     6 |    11 |     2 ||    19
 Armour: Skin              |    12 |    32 |    10 ||    54
  Dodge: Dodged            |    34 |    33 |     8 ||    75
  Block: Other             |     6 |    11 |     3 ||    20
         Reflection        |     2 |     1 |       ||     3

Levels and vault maps discovered:
D:1:      lightli_arrival_chessboard, layout_rooms
D:2:      layout_basic, minmay_goblin_outpost
D:3:      layout_loops_cross, mainiacjoe_overflow_concentric_impassable,
          nicolae_gozag_seed_capital, mainiacjoe_overflow_catch_the_wave,
          minmay_bisected
D:4:      layout_loops_ring, minmay_temple_entry_poolview,
          minmay_misc_feat_ornament, kennysheep_another_room,
          amcnicky_mini_rare_corridor_liquid, uniq_crazy_yiuf_cottage,
          uniq_blork_the_orc, uniq_duvessa
D:5:      layout_basic, nicolae_overflow_guarded_unrand_okawaru_victory,
          roderic_roman_lattice, uniq_edmund, uniq_sigmund

Notes
Turn   | Place    | Note
-------+----------+-------------------------------------------
     0 | D:1      | zeratav the Octopode Shapeshifter began the quest for the
                  | Orb.
     0 | D:1      | Reached XP level 1. HP: 13/13 MP: 1/1
     0 | D:1      | magus.rc [v1.9.6]
    22 | D:1      | Reached skill level 1 in Stealth
   160 | D:1      | Reached skill level 2 in Stealth
   193 | D:1      | Reached XP level 2. HP: 16/18 MP: 2/2
   338 | D:1      | Reached skill level 3 in Stealth
   516 | D:2      | Reached skill level 4 in Stealth
   516 | D:2      | Reached XP level 3. HP: 23/23 MP: 3/3
   970 | D:2      | Reached skill level 5 in Stealth
   970 | D:2      | Reached XP level 4. HP: 16/28 MP: 4/4
   971 | D:2      | HP: 1/28 [gnoll/+0 spear (9)]
   979 | D:2      | HP: 1/29 [gnoll/+0 whip (7)]
   982 | D:2      | Reached skill level 2 in Fighting
   986 | D:2      | HP: 2/29 [jackal (1)]
   994 | D:2      | HP: 2/29 [jackal (1)]
  1757 | D:3      | You pick up a book of Beasts and begin reading...
  1757 | D:3      | You add the spells Summon Ice Beast, Summon Mana Viper and
                  | Monstrous Menagerie to your library.
  1771 | D:3      | Found a shimmering altar of Xom.
  1846 | D:3      | Reached XP level 5. HP: 26/36 MP: 5/5
  1854 | D:3      | Reached skill level 3 in Fighting
  2052 | D:3      | Found a hide-covered altar of Uskayaw.
  2109 | D:3      | You pick up a book of Winter and begin reading...
  2109 | D:3      | You add the spells Ozocubu's Armour, Metabolic Englaciation
                  | and Sculpt Simulacrum to your library.
  2218 | D:3      | Found a glowing golden altar of the Shining One.
  2344 | D:3      | Found an opulent altar of Gozag.
  2357 | D:3      | Became a worshipper of Gozag Ym Sagoz the Greedy
  2672 | D:4      | Noticed Dowan
  2681 | D:4      | Reached skill level 4 in Fighting
  2681 | D:4      | Reached XP level 6. HP: 38/44 MP: 6/6
  3036 | D:4      | Reached skill level 5 in Fighting
  3174 | D:4      | Noticed Blork the orc
  3182 | D:4      | Killed Blork the orc
  3543 | D:4      | Found a runed translucent door.
  3544 | D:4      | Noticed Crazy Yiuf
  3551 | D:4      | Killed Crazy Yiuf
  3552 | D:4      | Reached skill level 4 in Shapeshifting
  3641 | D:5      | Entered Level 5 of the Dungeon
  3654 | D:5      | Reached XP level 7. HP: 39/50 MP: 7/7
  3841 | D:5      | HP: 12/50 [ogre/+0 giant club (24)]
  3842 | D:5      | HP: 2/50 [orc priest/divine providence (10)]
  3845 | D:5      | Mangled by an ogre

Vanquished Creatures
  An ogre (D:4)
  Blork the orc (D:4)
  A scorpion (D:4)
  Crazy Yiuf (D:4)
  An orc priest (D:3)
  A hound (D:5)
  4 gnolls (D:2)
  4 adders
  A dart slug (D:1)
  3 ribbon worms (D:2)
  9 orcs
  8 ball pythons
  3 bats (D:1)
  6 endoplasms
  2 giant cockroaches
  4 hobgoblins
  9 jackals
  4 kobolds
  6 quokkas
  3 frilled lizards
  8 goblins
  A rat (D:3)
81 creatures vanquished.

Table legend:
 A = Non-vault XP
 B = Vault XP
 C = Vault XP percentage of total XP
 D = Non-vault monster count
 E = Vault monster count
 F = Vault count percentage of total count
                 A         B        C        D         E       F
            +---------+---------+-------+---------+---------+-------
      Total |     508 |     148 |  22.6 |      72 |       9 |  11.1
            +---------+---------+-------+---------+---------+-------
        D:1 |      26 |       0 |   0.0 |      13 |       0 |   0.0
        D:2 |     110 |       8 |   6.8 |      23 |       4 |  14.8
        D:3 |     104 |       5 |   4.6 |      24 |       3 |  11.1
        D:4 |     202 |     135 |  40.1 |       9 |       2 |  18.2
        D:5 |      66 |       0 |   0.0 |       3 |       0 |   0.0
            +---------+---------+-------+---------+---------+-------

Skill      XL: |  1  2  3  4  5  6 |
---------------+-------------------+-----
Stealth        | 2 4 5 |  5.0
Fighting       | 2 4 5 |  5.0
Shapeshifting  | 4 |  4.3
Dodging        | |  2.0
Unarmed Combat | |  3.0

Action                     |  1- 3 |  4- 6 |  7- 9 || total
---------------------------+-------+-------+-------++-------
  Melee: Unarmed           |    51 |   101 |    12 ||   164
         Constrict         |    12 |    32 |     1 ||    45
         Tentacles         |    10 |    35 |     2 ||    47
         Punch             |     3 |     9 |       ||    12
    Use: Potion            |       |     2 |     3 ||     5
   Stab: Sleeping          |     6 |    11 |     2 ||    19
 Armour: Skin              |    12 |    32 |    10 ||    54
  Dodge: Dodged            |    34 |    33 |     8 ||    75
  Block: Other             |     6 |    11 |     3 ||    20
         Reflection        |     2 |     1 |       ||     3

Illustrated notes

Table legend:
 A = Kills in this place as a percentage of kills in the entire game.
 B = Kills by you in this place as a percentage of kills by you in the entire game.
 C = Kills by friends in this place as a percentage of kills by friends in the entire game.
 D = Other kills in this place as a percentage of other kills in the entire game.
 E = Experience gained in this place as a percentage of experience gained in the entire game.
 F = Experience gained in this place divided by the number of levels of this place that you have seen.
                   A       B       C       D       E      F
               +-------+-------+-------+-------+-------+----------------------
         Total | 100.0 | 100.0 |   N/A |   N/A | 100.0 | 131.2
       Dungeon | 100.0 | 100.0 |   N/A |   N/A | 100.0 | 131.2
               +-------+-------+-------+-------+-------+----------------------

Table legend: (Time is in decaauts)
 A = Elapsed time spent in this place.
 B = Non-inter-level travel time spent in this place.
 C = Inter-level travel time spent in this place.
 D = Time resting spent in this place.
 E = Time spent auto-exploring this place.
 F = Levels seen in this place.
 G = Mean time per level.
                   A        B        C        D        E       F      G
               +--------+--------+--------+--------+--------+-----+--------+
         Total |   3835 |   3699 |    136 |    298 |   2854 |   5 |  767.0 |
       Dungeon |   3835 |   3699 |    136 |    298 |   2854 |   5 |  767.0 |
               +--------+--------+--------+--------+--------+-----+--------+

Top non-repeatable levels by time:
     D:2: 1242 daAuts
     D:4: 1158 daAuts
     D:3: 746 daAuts
     D:1: 484 daAuts
     D:5: 202 daAuts
